 Dungeon Crawl Stone Soup version 0.23-a0-582-g1b4a0ca2fb (webtiles) character file.

240 Manul the Shield-Bearer (level 5, 0/41 HPs)
             Began as a Demonspawn Fighter on Dec 16, 2018.
             Splashed by a gnoll's acid (10 damage)
             ... on level 4 of the Dungeon.
             The game lasted 00:03:52 (4491 turns).

Manul the Shield-Bearer (Demonspawn Fighter)        Turns: 4491, Time: 00:03:53

Health: 0/41       AC:  7    Str: 18    XL:     5   Next: 80%
Magic:  5/5        EV:  3    Int:  9    God:
Gold:   172        SH:  9    Dex: 12    Spells: 4/4 levels left

rFire    . . .     SeeInvis .     - Unarmed
rCold    . . .     Gourm    .   b - +0 shield
rNeg     . . .     Faith    .   p - +0 plate armour
rPois    .         Spirit   .   (no helmet)
rElec    .         Reflect  .   (no cloak)
rCorr    .         Harm     .   (no gloves)
MR       .....                  (no boots)
Stlth    ..........             (no amulet)
HPRegen  0.13/turn              (no ring)
MPRegen  0.09/turn              (no ring)

@: corroded
A: talons 2
a: no special abilities


You were on level 4 of the Dungeon.
You were not hungry.

You visited 1 branch of the dungeon, and saw 4 of its levels.

You collected 172 gold pieces.

Inventory:

Armour
 a - a +0 scale mail
 b - a +0 shield (worn)
 p - a +0 plate armour (worn)
Scrolls
 e - 2 scrolls of identify
 f - 2 scrolls of blinking {unknown}
 h - a scroll of random uselessness {unknown}
 k - a scroll of enchant weapon {unknown}
 l - 3 scrolls of teleportation
 m - a scroll of fear
 o - 4 scrolls of remove curse {unknown}
 q - 2 scrolls of immolation {unknown}
 r - a scroll of magic mapping {unknown}
 t - a scroll of amnesia
Potions
 c - 4 potions of might
 g - a potion of lignification
 j - a potion of resistance
 s - a potion of degeneration {unknown}
Comestibles
 d - 5 rations


   Skills:
 + Level 3.4 Fighting
 + Level 3.9 Armour
 + Level 0.4 Dodging
 + Level 4.0 Shields
 + Level 3.2 Unarmed Combat


You had 4 spell levels left.
You didn't know any spells.
Your spell library was empty.

Dungeon Overview and Level Annotations

Branches:
Dungeon (4/15)
 Temple: D:4-7

Altars:
Cheibriados
Nemelex Xobeh
Okawaru
Trog
Vehumet


Innate Abilities, Weirdness & Mutations

You have razor-sharp toenails.


Message History

You are too injured to fight recklessly!
You are too injured to fight recklessly!
You are too injured to fight recklessly!
You are too injured to fight recklessly!
You are too injured to fight recklessly!
You are too injured to fight recklessly!
You hit the gnoll but do no damage.
The gnoll is lightly wounded.
The gnoll hits you.
* * * LOW HITPOINT WARNING * * *
You block the gnoll's attack.
You hit the gnoll but do no damage.
The gnoll is lightly wounded.
You block the gnoll's attack.
You hit the gnoll. You claw the gnoll.
The gnoll is severely wounded.
The gnoll zaps a wand.
The bolt of acid hits you!
* * * LOW HITPOINT WARNING * * *
The acid corrodes you!
You are splashed with acid!
The acid burns!
You die...

##########
#........
########.#..$...
#.@g.......# #.#
#.######.### #.#
#.# #.#####.#
#.# #.......#
#.# #######.#
#.# #.# ..#
#.#### .## #..
.. #####.


You could see a gnoll.

Vanquished Creatures
  An orc wizard (D:3)
  6 gnolls (D:4)
  5 adders
  A shadow imp (D:3)
  An ooze (D:1)
  A worm (D:2)
  3 dart slugs
  5 leopard geckos
  12 orcs
  A ball python (D:2)
  4 giant cockroaches
  8 goblins
  4 hobgoblins
  3 jackals (D:4)
  7 kobolds
  7 bats
  A frilled lizard (D:1)
  7 rats
77 creatures vanquished.

Notes
Turn   | Place    | Note
-------+----------+-------------------------------------------
     0 | D:1      | Manul the Demonspawn Fighter began the quest for the Orb.
     0 | D:1      | Reached XP level 1. HP: 18/18 MP: 1/1
   165 | D:1      | Gained mutation: You have sharp toenails. [demonic
                  | ancestry]
   165 | D:1      | Reached XP level 2. HP: 24/24 MP: 2/2
   480 | D:1      | Reached skill level 3 in Shields
   931 | D:1      | Reached XP level 3. HP: 29/29 MP: 3/3
  1116 | D:2      | Found a snail-covered altar of Cheibriados.
  2425 | D:3      | Gained mutation: You have razor-sharp toenails. [demonic
                  | ancestry]
  2425 | D:3      | Reached XP level 4. HP: 27/35 MP: 4/4
  2904 | D:3      | Found a sparkling altar of Nemelex Xobeh.
  3003 | D:3      | Reached XP level 5. HP: 38/41 MP: 5/5
  3011 | D:3      | Found a bloodstained altar of Trog.
  3341 | D:4      | Found a radiant altar of Vehumet.
  3341 | D:4      | Found an iron altar of Okawaru.
  3468 | D:4      | Reached skill level 4 in Shields
  3904 | D:4      | Noticed an ogre
  4491 | D:4      | Splashed by a gnoll's acid

Vault maps used:
D:1:      psy_arrival_dodecagon
D:2:      kennysheep_slug_shrine, serial_rivers, chequers_serial_rivers_micro_d,
          chequers_serial_rivers_marsh, chequers_serial_rivers_marsh,
          chequers_serial_rivers_marsh, chequers_serial_rivers_small_b,
          first_ration
D:3:      bloody_trog, palyth_stone_intersect, nemelex_spade_bored_becter
D:4:      overflow_temple_1_default, chequers_temple_overflow_statue_of_worship,
          kennysheep_generic_room_4

Skill      XL: |  1  2  3  4  5 |
---------------+----------------+-----
Unarmed Combat | 2 3 |  3.2
Shields        | 3 4 |  4.0
Armour         | 3 |  3.9
Fighting       | |  3.4
Dodging        | |  0.4

Action                   |  1- 3 |  4- 6 || total
-------------------------+-------+-------++-------
Melee: Unarmed           |   128 |   229 ||   357
       Kick              |    20 |    51 ||    71
  Use: Potion            |     1 |     4 ||     5
       Scroll            |       |     4 ||     4
  Eat: Chunk             |     2 |     4 ||     6
       Ration            |     1 |     1 ||     2
Armor: Scale mail        |    27 |       ||    27
       Plate armour      |    27 |   131 ||   158
Dodge: Dodged            |    12 |    24 ||    36
Block: Shield            |    69 |   104 ||   173

Table legend:
 A = Non-vault XP
 B = Vault XP
 C = Vault XP percentage of total XP
 D = Non-vault monster count
 E = Vault monster count
 F = Vault count percentage of total count
                 A         B        C        D         E       F
            +---------+---------+-------+---------+---------+-------
      Total |     337 |       7 |   2.0 |      75 |       2 |   2.6
            +---------+---------+-------+---------+---------+-------
        D:1 |      43 |       0 |   0.0 |      20 |       0 |   0.0
        D:2 |      32 |       4 |  11.1 |      10 |       1 |   9.1
        D:3 |     151 |       0 |   0.0 |      32 |       0 |   0.0
        D:4 |     111 |       3 |   2.6 |      13 |       1 |   7.1
            +---------+---------+-------+---------+---------+-------
